 Dungeon Crawl Stone Soup version 0.32-a0-711-g016ad743e0 (webtiles) character file.

Game seed: 14124862597431720734

39 Aldia the Charlatan (level 3, -1/27 HPs)
             Began as a Coglin Artificer on Mar 15, 2024.
             Slain by a gnoll
             ... wielding a +0 whip
              (5 damage)
             ... on level 2 of the Dungeon.
             The game lasted 00:02:02 (859 turns).

Aldia the Charlatan (Coglin Artificer)               Turns: 859, Time: 00:02:03

Health: -1/27      AC:  3    Str: 14    XL:     3   Next: 47%
Magic:  3/3        EV:  0    Int: 10    God:
Gold:   78         SH:  0    Dex: 14    Spells: 2/2 levels left

rFire   . . .        i - +0 mace {Solveig}
rCold   . . .        j - +0 hand axe {Nindada}
rNeg    . . .        b - +0 leather armour
rPois   .            (no helmet)
rElec   .            (no cloak)
rCorr   .            (no gloves)
SInv    .            (no boots)
Will    .....        (amulet unavailable)
Stlth   +            (ring unavailable)
HPRegen 0.24/turn    (ring unavailable)
MPRegen 0.08/turn    (no gizmo)

%: no passive effects
@: constricted
A: off-hand wielding, slow wielding, warmup strikes, no jewellery
a: Invent Gizmo


You were on level 2 of the Dungeon.
You visited 1 branch of the dungeon, and saw 2 of its levels.

You collected 78 gold pieces.

Inventory:

Hand Weapons
 a - a +0 club {Vojtech}
 f - a +0 dagger {Ana}
 i - a +0 mace (weapon) {Solveig}
 j - a +0 hand axe (offhand) {Nindada}
Armour
 b - a +0 leather armour (worn)
 h - a +0 chain mail
Wands
 c - a wand of flame (15) (quivered)
 d - a wand of charming (13)
 e - a wand of iceblast (4)
Scrolls
 g - a scroll of fog {unknown}
 l - a scroll of teleportation
 n - 2 scrolls of identify {unknown}
 o - a scroll of torment {unknown}
Potions
 k - a potion of lignification {unknown}
 m - 3 potions of degeneration {unknown}
 p - a potion of curing {unknown}


   Skills:
 + Level 2.2 Fighting
 + Level 1.6 Axes
 - Level 2.0 Armour
 - Level 1.0 Dodging
 - Level 1.0 Stealth
 - Level 4.0 Evocations


You had 2 spell levels left.
You didn't know any spells.
Your spell library contained the following spells:

 Spells                   Type           Power      Damage    Failure   Level
 Cigotuvi's Dreadful Rot  Necr/Alch/Air  0%         N/A       56%         2
 Ignite Poison            Fire/Alch      0%         N/A       99%         4
 Freezing Cloud           Conj/Ice/Air   0%         6-21      100%        5


Dungeon Overview and Level Annotations

Branches:
Dungeon (2/15)

Altars:


Innate Abilities, Weirdness & Mutations

You can wield a second weapon in your off-hand.
It takes a long time for you to wield or remove held weapons.
Your first few attacks do less damage.
You cannot equip rings or amulets.


Message History

The mass of ice explodes!
The iceblast engulfs the gnoll!!
You kill the gnoll!
The iceblast engulfs the gnoll.
The gnoll is moderately wounded.
The iceblast engulfs the gnoll!
You kill the gnoll!
You hear an angry hiss.
A ribbon worm comes into view.
Your Fighting skill increases to level 2!
You have reached level 3!
Your experience leads to an increase in your attributes!
Increase (S)trength, (I)ntelligence, or (D)exterity?
You feel stronger. x2
Your brain swirls with designs for a N-90 neoscope.
You just need some more time...
A ball python comes into view.
The ball python hisses angrily.
The gnoll throws a throwing net.
The throwing net hits you.
You become entangled in the net!
You see here a throwing net.
You struggle against the net.
You struggle against the net.
The gnoll hits you with a +0 flail.
You struggle against the net.
The gnoll hits you with a +0 flail.
Unknown command.
You struggle against the net.
The ball python bites you. The ball python grabs you.
The ball python constricts you.
The kobold throws a stone.
The stone hits you but does no damage.
You rip the net and break free!
The ball python bites you. The ball python constricts you.
The gnoll hits you with a +0 flail. The gnoll hits you with a +0 whip.
Unknown command.
Aiming: Charm
Press: ? - help, Shift-Dir - straight line, f - gnoll
Aim: a gnoll, wielding a +0 flail (moderately wounded, chance to affect: 67%)
The gnoll is charmed.
The ball python bites you but does no damage.
The ball python constricts you.
The gnoll hits you from afar with a +0 spear.
* * * LOW HITPOINT WARNING * * *
The gnoll hits you with a +0 whip.
You die...

##### #...########
#...#......###
#######...#.........
....##.............
###.gSK)...........
######...@gS..#.........
#....<.####g.........#..
#.............w.........
#.....#####...#g......#
#.....# #...##.####.#
####### #####..# #..##
#)## )g#


You could see a ribbon worm, 3 gnolls, an adder, a ball python, a kobold and a
friendly gnoll (charmed).

Vanquished Creatures
  2 gnolls (D:2)
  A dart slug (D:1)
  2 bats (D:1)
  An endoplasm (D:1)
  2 goblins (D:1)
  4 hobgoblins
  2 jackals (D:1)
  A quokka (D:1)
  A frilled lizard (D:1)
  A kobold (D:1)
17 creatures vanquished.

Vanquished Creatures (others)
  A gnoll (D:2)
1 creature vanquished.

Grand Total: 18 creatures vanquished

Notes
Turn   | Place    | Note
-------+----------+-------------------------------------------
     0 | D:1      | Aldia the Coglin Artificer began the quest for the Orb.
     0 | D:1      | Reached XP level 1. HP: 15/15 MP: 1/1
   197 | D:1      | Reached skill level 1 in Dodging
   220 | D:1      | Reached skill level 1 in Stealth
   250 | D:1      | Reached XP level 2. HP: 21/21 MP: 2/2
   540 | D:1      | Found a faded altar of an unknown god.
   674 | D:1      | Reached skill level 1 in Axes
   846 | D:2      | Reached XP level 3. HP: 27/27 MP: 3/3
   859 | D:2      | Slain by a gnoll

Illustrated notes

Levels and vault maps discovered:
D:1:      psy_arrival_fountain, layout_loops_cross,
          chequers_ecumenical_altar_simple_redux, due_unseen_surprise
D:2:      layout_rooms, basic_altar

Skill      XL: |  1  2 |
---------------+-------+-----
Dodging        | 1 |  1.0
Armour         | 2 |  2.0
Stealth        | 1 |  1.0
Axes           | 1 |  1.6
Fighting       | 2 |  2.2
Evocations     | |  4.0

Action                     || total
---------------------------++-------
  Melee: Mace              ||    21
         Hand axe          ||    19
         Club              ||     4
         Dagger            ||     4
  Evoke: Wand              ||     3
    Use: Scroll            ||     1
   Stab: Sleeping          ||     2
 Armour: Leather armour    ||    30
  Dodge: Dodged            ||    15

Table legend: (Time is in decaauts)
 A = Elapsed time spent in this place.
 B = Non-inter-level travel time spent in this place.
 C = Inter-level travel time spent in this place.
 D = Time resting spent in this place.
 E = Time spent auto-exploring this place.
 F = Levels seen in this place.
 G = Mean time per level.
                   A        B        C        D        E       F      G
               +--------+--------+--------+--------+--------+-----+--------+
         Total |    867 |    808 |     59 |      0 |    624 |   2 |  433.5 |
       Dungeon |    867 |    808 |     59 |      0 |    624 |   2 |  433.5 |
               +--------+--------+--------+--------+--------+-----+--------+

Top non-repeatable levels by time:
     D:1: 823 daAuts
     D:2: 43 daAuts
